 Dungeon Crawl Stone Soup version 0.29-a0-872-g797fff5ad1 (webtiles) character file.

Game seed: 12452432217940826469

53 diecastcamel the Shield-Bearer (level 3, -4/26 HPs)
             Began as an Octopode Fighter on July 16, 2022.
             Killed from afar by Natasha (9 damage)
             ... with a puff of flame
             ... on level 2 of the Dungeon on July 18, 2022.
             The game lasted 00:09:04 (1411 turns).

diecastcamel the Shield-Bearer (Octopode Fighter)   Turns: 1411, Time: 00:09:05

Health: -4/26      AC:  1    Str: 15    XL:     3   Next: 89%
Magic:  3/3        EV: 13    Int: 10    God:
Gold:   44         SH: 10    Dex: 13    Spells: 2/2 levels left

rFire   . . .      SeeInvis .   a - +0 long sword
rCold   . . .      Faith    .   b - +0 buckler
rNeg    . . .      Spirit   .   (helmet restricted)
rPois   .          Reflect  +   j - amulet of reflection
rElec   .          Harm     .   (no ring)
rCorr   .          Rampage  .   (no ring)
Will    .....                   (no ring)
Stlth   +++.......              (no ring)
HPRegen 0.08/turn               (no ring)
MPRegen 0.08/turn               (no ring)
                                (no ring)
                                (no ring)

@: mighty
A: almost no armour, amphibious, 8 rings, camouflage 1, gelatinous body 1,
(nimble swimmer 1), tentacles
a: no special abilities


You were on level 2 of the Dungeon.
You visited 1 branch of the dungeon, and saw 2 of its levels.

You collected 44 gold pieces.

Inventory:

Hand Weapons
 a - a +0 long sword (weapon)
Missiles
 i - 2 poisoned darts (quivered)
Armour
 b - a +0 buckler (worn)
Jewellery
 j - an amulet of reflection (around mantle)
Scrolls
 d - a scroll of noise {unknown}
 e - 2 scrolls of amnesia
Potions
 f - 2 potions of brilliance {unknown}
 h - 2 potions of cancellation {unknown}


   Skills:
 + Level 3.3 Fighting
 * Level 2.9 Long Blades
 - Level 3.0 Dodging
 + Level 1.9 Stealth
 + Level 3.3 Shields


You had 2 spell levels left.
You didn't know any spells.
Your spell library was empty.

Dungeon Overview and Level Annotations

Branches:
Dungeon (2/15)

Altars:

Annotations:
D:2 Natasha


Innate Abilities, Weirdness & Mutations

You cannot wear most types of armour.
You are amphibious.
You can wear up to eight rings at the same time.
Your skin changes colour to match your surroundings (Stealth+).
Your rubbery body absorbs attacks. (AC +1, EV +1)
((You are camouflaged when in or above water. (Stealth+)))
You have tentacles for arms and can constrict up to eight enemies at once.


Message History

i - a poisoned dart
Found 11 gold pieces.
i - 2 poisoned darts (gained 1)
You now have 44 gold pieces (gained 11).
Natasha, Servant of Life and Death comes into view.
She is carrying a wand of flame (18).
Natasha casts a spell.
You hit the crimson imp. You grab the crimson imp.
The crimson imp is lightly wounded.
You constrict the crimson imp, but do no damage.
The crimson imp grinds its teeth.
The crimson imp misses you.
You hit the crimson imp but do no damage.
You squeeze the crimson imp.
The crimson imp is heavily wounded.
You constrict the crimson imp.
The crimson imp blinks free!
Natasha mewls in sadness.
You hit Natasha. Your grab misses Natasha.
Natasha is lightly wounded.
Natasha zaps a wand.
The puff of flame hits you.
You barely miss Natasha. Your grab misses Natasha. Your squeeze misses Natasha.
Natasha is lightly wounded.
The crimson imp blinks!
Natasha barely misses you.
The crimson imp blinks!
Natasha claws you.
You closely miss Natasha. Your grab misses Natasha.
Natasha is lightly wounded.
The crimson imp disappears in a puff of smoke!
You block Natasha's attack.
You hit Natasha. Your grab misses Natasha.
Natasha is lightly wounded.
Natasha stares at you and mumbles some strange words.
The magic dart hits you!
* * * LOW HITPOINT WARNING * * *
You feel very mighty all of a sudden. Natasha closely misses you.
You slash Natasha! Your grab misses Natasha.
Natasha is almost dead.
Natasha claws you.
* * * LOW HITPOINT WARNING * * *
Natasha zaps a wand.
The puff of flame hits you!
You die...

....#
#.#
#.....
#.#
.#.#
#.# .#
#5h#ยง#
#..#.#
#..#.#
#..#.#
#..#.#
#..#@#
..
#..#h#
#.
#h...#
##.###
#. ##


You could see Natasha.

Vanquished Creatures
  2 adders (D:2)
  A dart slug (D:1)
  5 ball pythons
  3 endoplasms
  A goblin (D:2)
  3 hobgoblins
  6 jackals (D:2)
  3 quokkas (D:1)
  A bat (D:1)
  2 kobolds
  2 rats (D:1)
29 creatures vanquished.

Notes
Turn   | Place    | Note
-------+----------+-------------------------------------------
     0 | D:1      | diecastcamel the Octopode Fighter began the quest for the
                  | Orb.
     0 | D:1      | Reached XP level 1. HP: 16/16 MP: 1/1
    52 | D:1      | Upgraded the game from 0.29-a0-857-g9b1aa3ac5b to
                  | 0.29-a0-872-g797fff5ad1
   188 | D:1      | Reached XP level 2. HP: 21/21 MP: 2/2
   465 | D:1      | Reached skill level 1 in Stealth
  1031 | D:2      | Reached XP level 3. HP: 26/26 MP: 3/3
  1045 | D:2      | Found a faded altar of an unknown god.
  1394 | D:2      | Noticed Natasha
  1411 | D:2      | Killed from afar by Natasha

Illustrated notes

Levels and vault maps discovered:
D:1:      wander_arrival_lonely_grave, layout_rooms,
          kennysheep_decorative_pillar
D:2:      layout_basic, hellmonk_ecumenical_altar_dog_temple,
          minmay_misc_feat_room, st_stairs_1, uniq_natasha

Skill      XL: |  1  2 |
---------------+-------+-----
Stealth        | 1 |  1.9
Fighting       | |  3.3
Long Blades    | |  2.9
Dodging        | |  3.0
Shields        | |  3.3

Action                   || total
-------------------------++-------
Melee: Long sword        ||    75
       Constrict         ||    14
       Tentacles         ||    12
Throw: Stone             ||     4
       Dart              ||     3
  Use: Scroll            ||     1
       Potion            ||     1
 Stab: Sleeping          ||     3
Armor: Skin              ||     6
Dodge: Dodged            ||    43
Block: Buckler           ||    22

Table legend: (Time is in decaauts)
 A = Elapsed time spent in this place.
 B = Non-inter-level travel time spent in this place.
 C = Inter-level travel time spent in this place.
 D = Time resting spent in this place.
 E = Time spent auto-exploring this place.
 F = Levels seen in this place.
 G = Mean time per level.
                   A        B        C        D        E       F      G
               +--------+--------+--------+--------+--------+-----+--------+
         Total |   1434 |   1400 |     34 |    283 |    759 |   2 |  717.0 |
       Dungeon |   1434 |   1400 |     34 |    283 |    759 |   2 |  717.0 |
               +--------+--------+--------+--------+--------+-----+--------+

Top non-repeatable levels by time:
     D:1: 754 daAuts
     D:2: 679 daAuts
